 Dungeon Crawl Stone Soup version 0.27-a0-242-ge0fc76b88b (webtiles) character file.

Game seed: 353084063929426350

1056 knot the Cleaver (level 8, 54/58 HPs)
             Began as a Demonspawn Berserker on Feb 2, 2021.
             Was a Believer of Trog.
             Quit the game on level 5 of the Dungeon.
             The game lasted 00:08:37 (6565 turns).

knot the Cleaver (Demonspawn Berserker)             Turns: 6565, Time: 00:08:38

Health: 54/58      AC:  7    Str: 14    XL:     8   Next: 6%
Magic:  8/8        EV:  9    Int: 11    God:    Trog [**....]
Gold:   227        SH:  0    Dex: 12    Spells: 7/7 levels left

rFire    . . .     SeeInvis +   t - +0 war axe
rCold    . . .     Faith    .   (no shield)
rNeg     . . .     Spirit   .   r - +0 scale mail
rPois    .         Reflect  .   (helmet restricted)
rElec    .         Harm     .   (no cloak)
rCorr    .         Rampage  .   j - +0 pair of gloves (curse)
Will     .....                  (no boots)
Stlth    ..........             a - amulet of the acrobat
HPRegen  0.19/turn              n - ring of see invisible
MPRegen  0.11/turn              x - -4 ring of strength (curse)

@: no status effects
A: antennae 2, powered by death 2, demonic magic 1
a: Renounce Religion, Berserk, Trog's Hand


You were on level 5 of the Dungeon.
You worshipped Trog.
Trog was pleased with you.
You visited 1 branch of the dungeon, and saw 5 of its levels.

You collected 227 gold pieces.

Inventory:

Hand Weapons
 t - a +0 war axe (weapon)
Missiles
 b - 10 poisoned darts (quivered)
 c - 92 stones
 u - 17 sling bullets
Armour
 j - a cursed +0 pair of gloves (worn)
 r - a +0 scale mail (worn)
Jewellery
 a - an amulet of the acrobat (around neck)
 n - a ring of see invisible (left hand)
 x - a cursed -4 ring of strength (right hand)
Wands
 q - a wand of digging (5)
Scrolls
 d - 2 scrolls of remove curse {unknown}
 e - a scroll of blinking {unknown}
 f - 2 scrolls of fog {unknown}
 g - 4 scrolls of identify {unknown}
 k - a scroll of immolation {unknown}
 l - a scroll of fear {unknown}
 p - a scroll of amnesia {unknown}
 w - a scroll of teleportation {unknown}
Potions
 h - a potion of magic {unknown}
 i - a potion of degeneration {unknown}
 m - a potion of heal wounds {unknown}
 o - a potion of curing
 s - a potion of cancellation {unknown}
 v - a potion of ambrosia {unknown}


   Skills:
 - Level 3.0 Fighting
 * Level 8.0 Axes
 * Level 3.9 Throwing
 - Level 1.7 Armour
 - Level 1.7 Dodging


You had 7 spell levels left.
You didn't know any spells.
Your spell library was empty.

Dungeon Overview and Level Annotations

Branches:
Dungeon (5/15)
 Temple: D:4-7

Altars:
Fedhas
Kikubaaqudgha
Ru
Zin


Innate Abilities, Weirdness & Mutations

You have a pair of antennae on your head.
You regenerate health from kills.
Spells you cast may paralyse adjacent enemies.


Message History

You feel your anger nearly subside.
You are no longer berserk.
You are exhausted.
You feel yourself slow down.
You start waiting.
You sense a monster nearby.
You start waiting.
You feel yourself speed up.
You start waiting.
You recover from your berserk rage.
A shadow imp comes into view.
The shadow imp shouts, "Out, out, thou peaked toenail-biting bloater!"
Found a leather armour.
The shadow imp gestures at you. Pain shoots through your body!
You see here a tubular brass ring.
x - a tubular brass ring You feel weaker.
Oops, that ring feels deathly cold.
x - a cursed -4 ring of strength (right hand) Are you sure you want to abandon this character and quit the game? (Confirm with "yes".)

###.##. .# ..
....#.#.#####.##.##[
..##
#....###...†........
....
#.#.#.#(##.)).......
..##
#.........)#.###.#. #
#...##..####5# #
#...###.# #.# ##
#....##.# #.# #.
#....##.# #@# #.
####....##.####.# #.
#.....#.........# #.
#.##.....#....!.). #. #
#.#.....####### #.
#.#...#.### #.
#.###.....# #.
#.###.#.#.##### # #.
#.............####.##.#
#.


You could see a shadow imp.

Vanquished Creatures
  Grinder (D:3)
  An ice beast (D:5)
  An ogre (D:4)
  A centaur (D:5)
  A phantom (D:4)
  2 scorpions (D:4)
  A hound (D:4)
  A bullfrog zombie (D:5)
  An orc priest (D:2)
  2 bullfrog skeletons (D:5)
  4 orc wizards
  4 gnolls (D:5)
  7 adders
  A white imp (D:4)
  4 worms
  2 leopard geckos (D:2)
  5 orcs
  16 bats
  A giant cockroach (D:4)
  3 goblins
  5 hobgoblins
  5 jackals
  6 kobolds
  2 quokkas
  A ball python (D:3)
  9 frilled lizards
  A leopard gecko skeleton (D:4)
  A quokka skeleton (D:5)
  7 rats
96 creatures vanquished.

Vanquished Creatures (others)
  2 plants (D:3)
  3 withered plants (D:3)
5 creatures vanquished.

Grand Total: 101 creatures vanquished

Notes
Turn   | Place    | Note
-------+----------+-------------------------------------------
     0 | D:1      | knot the Demonspawn Berserker began the quest for the Orb.
     0 | D:1      | Reached XP level 1. HP: 18/18 MP: 1/1
   190 | D:1      | Reached skill level 3 in Axes
   681 | D:1      | Gained mutation: You regenerate a little health from kills.
                  | [demonic ancestry]
   681 | D:1      | Reached XP level 2. HP: 22/24 MP: 2/2
  1345 | D:2      | Found a glowing silver altar of Zin.
  1400 | D:2      | Gained mutation: You have a pair of small antennae on your
                  | head. [demonic ancestry]
  1400 | D:2      | Reached XP level 3. HP: 29/29 MP: 3/3
  1668 | D:1      | Reached ** piety under Trog
  1669 | D:1      | Reached skill level 4 in Axes
  2056 | D:2      | Reached XP level 4. HP: 35/35 MP: 4/4
  2966 | D:2      | Reached skill level 5 in Axes
  3123 | D:2      | Gained mutation: You regenerate health from kills. [demonic
                  | ancestry]
  3123 | D:2      | Reached XP level 5. HP: 41/41 MP: 5/5
  3556 | D:3      | Found an ancient bone altar of Kikubaaqudgha.
  3556 | D:3      | Found a blossoming altar of Fedhas.
  3599 | D:3      | Noticed Grinder
  3607 | D:3      | Killed Grinder
  3608 | D:3      | Reached skill level 6 in Axes
  3608 | D:3      | Gained mutation: You have a pair of antennae on your head.
                  | [demonic ancestry]
  3608 | D:3      | Reached XP level 6. HP: 47/47 MP: 6/6
  4720 | D:4      | Reached skill level 7 in Axes
  4720 | D:4      | Reached skill level 1 in Throwing
  4931 | D:4      | Reached XP level 7. HP: 33/52 MP: 7/7
  5653 | D:4      | Found a sacrificial altar of Ru.
  6021 | D:5      | Entered Level 5 of the Dungeon
  6522 | D:5      | Reached skill level 8 in Axes
  6522 | D:5      | Gained mutation: Spells you cast may paralyse adjacent
                  | enemies. [demonic ancestry]
  6522 | D:5      | Reached XP level 8. HP: 58/58 MP: 8/8
  6565 | D:5      | Quit the game

Illustrated notes

Levels and vault maps discovered:
D:1:      lemuel_arrival_funnel, layout_basic
D:2:      cheibrodos_pilgrimage, layout_rooms, old_standard_altar,
          minmay_tromino_mix6
D:3:      layout_loops_ring, grunt_temple_overflow_growth_and_decay,
          uniq_grinder
D:4:      layout_cave_pods, lemuel_coloured_pillars_altar
D:5:      layout_loops_ring, grunt_temple_overflow_bloody_war,
          nicolae_overflow_hidden_temple, small_statue_intersection,
          nicolae_tso_swordbearing_angel

Skill      XL: |  1  2  3  4  5  6  7 |
---------------+----------------------+-----
Axes           | 3 4 5 6 7 8 |  8.0
Throwing       | 1 3 |  3.9
Fighting       | |  3.0
Armour         | |  1.7
Dodging        | |  1.7

Action                   |  1- 3 |  4- 6 |  7- 9 || total
-------------------------+-------+-------+-------++-------
Melee: Hand axe          |    98 |   167 |     3 ||   268
       War axe           |       |       |    89 ||    89
Throw: Stone             |       |     9 |       ||     9
       Dart              |       |    27 |    21 ||    48
Invok: Berserk           |     6 |     8 |     4 ||    18
       Trog's Hand       |       |     1 |     1 ||     2
  Use: Potion            |     4 |       |       ||     4
 Stab: Sleeping          |     1 |       |       ||     1
Armor: Animal skin       |    33 |    18 |       ||    51
       Scale mail        |       |    25 |    45 ||    70
Dodge: Dodged            |    89 |    91 |    43 ||   223

Table legend: (Time is in decaauts)
 A = Elapsed time spent in this place.
 B = Non-inter-level travel time spent in this place.
 C = Inter-level travel time spent in this place.
 D = Time resting spent in this place.
 E = Time spent auto-exploring this place.
 F = Levels seen in this place.
 G = Mean time per level.
                   A        B        C        D        E       F      G
               +--------+--------+--------+--------+--------+-----+--------+
         Total |   6741 |   6601 |    140 |   2385 |   3216 |   5 | 1348.2 |
       Dungeon |   6741 |   6601 |    140 |   2385 |   3216 |   5 | 1348.2 |
               +--------+--------+--------+--------+--------+-----+--------+

Top non-repeatable levels by time:
     D:1: 1874 daAuts
     D:4: 1867 daAuts
     D:2: 1609 daAuts
     D:3: 978 daAuts
     D:5: 411 daAuts
